 Dungeon Crawl Stone Soup version 0.20.1-1-g8b1a95d (webtiles) character file.

567 Oakoak the Sneak (level 7, -3/33 HPs)
             Began as a Spriggan Conjurer on Aug 27, 2017.
             Was a Follower of Qazlal.
             Slain by Blork the orc
             ... wielding a +0 glaive
              (12 damage)
             ... on level 6 of the Dungeon.
             The game lasted 00:30:28 (6217 turns).

Oakoak the Sneak (Spriggan Conjurer)                Turns: 6217, Time: 00:30:30

Health: -3/33      AC:  2    Str:  4    XL:     7   Next: 11%
Magic:  13/15      EV: 21    Int: 21    God:    Qazlal [*.....]
Gold:   254        SH:  1    Dex: 17    Spells: 9/15 levels left

rFire    . . .     SeeInvis +   y - staff of wizardry
rCold    . . .     Gourm    .   (shield currently unavailable)
rNeg     . . .     Faith    .   a - +0 robe
rPois    .         Spirit   .   (helmet restricted)
rElec    .         Reflect  .   (no cloak)
rCorr    .         Harm     .   (gloves unavailable)
MR       +....                  (boots unavailable)
Stlth    +++.......             (no amulet)
Regen    0.2/turn               u - +3 ring of intelligence
MPRegen  0.2/turn               (no ring)

@: lethally poisoned (-3 -> -11), very quick
A: unfitting armour, see invisible, herbivore 3, speed 3, slow metabolism 2
a: Renounce Religion


You were on level 6 of the Dungeon.
You worshipped Qazlal.
Qazlal was aware of your devotion.
You were not hungry.

You visited 2 branches of the dungeon, and saw 7 of its levels.

You collected 254 gold pieces.

Inventory:

Hand Weapons
 d - a +0 short sword
 i - a +0 short sword of venom
 p - a +4 flail of protection
 B - a +0 dagger
Armour
 a - a +0 robe (worn)
 m - a +0 pair of gloves
Magical Staves
 y - an uncursed staff of wizardry (weapon)
Jewellery
 g - a +2 ring of protection {unknown}
 u - a +3 ring of intelligence (left hand)
Wands
 A - a wand of flame (27/48)
Scrolls
 e - 5 scrolls of identify {unknown}
 h - 4 scrolls of remove curse {unknown}
 l - a scroll of immolation {unknown}
 o - 3 scrolls of teleportation {unknown}
 s - 2 scrolls of amnesia {unknown}
 v - a scroll of enchant armour {unknown}
Potions
 k - 3 potions of brilliance
 n - a potion of ambrosia
 q - 4 potions of might {unknown}
 t - a potion of flight {unknown}
 x - 2 potions of magic {unknown}
 z - a potion of curing {unknown}
Books
 b - a book of Conjurations

   Spells                             Type                      Level
   a - Magic Dart                     Conjuration                  1
   b - Searing Ray                    Conjuration                  2
   c - Dazzling Spray                 Conjuration/Hexes            3
   d - Fulminant Prism                Conjuration/Hexes            4
   e - Force Lance                    Conjuration/Translocation    4
   f - Iskenderun's Mystic Blast      Conjuration                  4
Comestibles
 c - 3 bread rations
 f - 2 royal jellies
 r - a meat ration
 w - a fruit


   Skills:
 + Level 1.2 Fighting
 + Level 2.4 Short Blades
 + Level 1.2 Staves
 + Level 5.3 Dodging
 + Level 5.4 Stealth
 + Level 4.7 Spellcasting
 + Level 3.9 Conjurations
 + Level 1.3 Hexes


You had 9 spell levels left.
You knew the following spells:

 Your Spells              Type           Power        Failure   Level  Hunger
a - Magic Dart            Conj           ###.         1%          1    None
b - Searing Ray           Conj           ###...       1%          2    None
c - Dazzling Spray        Conj/Hex       ###...       4%          3    ##.....


Dungeon Overview and Level Annotations

Branches:
Dungeon (7/15)             Temple (1/1) D:6

Altars:
Ashenzari
Cheibriados
Dithmenos
Gozag
Kikubaaqudgha
Makhleb
Nemelex Xobeh
Okawaru
Qazlal
Ru
Sif Muna
Vehumet
Xom
Yredelemnul
Zin
The Shining One

Annotations:
D:6 Blork the orc


Innate Abilities, Weirdness & Mutations

You are very small and have problems with some larger weapons.
You are too small for most types of armour.
You have supernaturally acute eyesight. (SInv)
You are a herbivore.
You cover ground extremely quickly.
You need consume almost no food.


Message History

Press: ? - help, Shift-Dir - straight line, f - worker ant
Aim: a worker ant The magic dart hits the worker ant.
The worker ant is lightly wounded.
The worker ant completely misses you.
Blork the orc points at you and mumbles some strange words.
The puff of flame misses you.
Casting: Magic Dart
Confirm with . or Enter, or press ? or * to list all spells.
Aiming: Magic Dart
Press: ? - help, Shift-Dir - straight line, f/p - worker ant
Aim: a worker ant (lightly wounded)
The magic dart hits the worker ant.
The worker ant is lightly wounded.
The worker ant bites you.
* * * LOW HITPOINT WARNING * * *
You are poisoned.
The worker ant poisons you!
Blork the orc hits you from afar with a glaive!
You die...

###..####
#.########.#
#.## #.##
#.# #.# ..#
#.# #.# #.#
#.# #.# #.#
#.# #.# #%#
#.# #.# #.#
#.# #a#
#.#### #@#
#....#
#########.#
####.#
#...o...o.#
#.#
#.#########
#.# #.# #.#
#†# #.# #.#
#.# #o# #.#
#.# #.#


You could see Blork the orc and a worker ant.

Vanquished Creatures
  Sigmund (D:3)
  A scorpion (D:4)
  A bullfrog zombie (D:6)
  A hound (D:2)
  A centaur skeleton (D:4)
  A bullfrog skeleton (D:4)
  3 orc wizards
  Terence (D:2)
  5 adders
  A shadow imp (D:7)
  An adder skeleton (D:4)
  A worm (D:2)
  A dart slug (D:1)
  2 leopard geckos (D:1)
  6 orcs
  5 giant cockroaches
  6 goblins
  6 hobgoblins
  4 jackals (D:3)
  A quokka (D:4)
  A ball python (D:3)
  11 bats
  4 frilled lizards
  A goblin zombie (D:6)
  2 hobgoblin zombies (D:6)
  9 kobolds
  A kobold zombie (D:6)
  A leopard gecko skeleton (D:4)
  An orc skeleton (D:6)
  2 orc zombies (D:6)
  2 rats
84 creatures vanquished.

Notes
Turn   | Place    | Note
-------+----------+-------------------------------------------
     0 | D:1      | Oakoak the Spriggan Conjurer began the quest for the Orb.
     0 | D:1      | Reached XP level 1. HP: 9/9 MP: 5/5
   110 | D:1      | You fall through a shaft!
   274 | D:2      | Found a stormy altar of Qazlal.
   274 | D:2      | Noticed an air elemental
   277 | D:2      | Noticed an earth elemental
   277 | D:2      | Noticed a fire elemental
   277 | D:2      | Noticed a water elemental
   384 | D:1      | Reached XP level 2. HP: 13/13 MP: 6/6
  1093 | D:2      | Noticed Terence
  1113 | D:2      | Killed Terence
  1113 | D:2      | Reached skill level 1 in Short Blades
  1113 | D:2      | Reached XP level 3. HP: 12/16 MP: 0/8
  1898 | D:3      | Reached XP level 4. HP: 16/21 MP: 9/9
  1902 | D:3      | Learned a level 2 spell: Searing Ray
  1917 | D:3      | Learned a level 3 spell: Dazzling Spray
  2832 | D:3      | Found a faded altar of an unknown god.
  3384 | D:3      | Reached XP level 5. HP: 25/25 MP: 9/11
  3387 | D:3      | Noticed Sigmund
  3547 | D:2      | Became a worshipper of Qazlal Stormbringer
  4546 | D:3      | Killed Sigmund
  4546 | D:3      | Reached skill level 1 in Fighting
  4546 | D:3      | Reached skill level 1 in Staves
  4546 | D:3      | Reached skill level 5 in Stealth
  4546 | D:3      | Reached XP level 6. HP: 13/30 MP: 3/13
  5200 | D:4      | Reached skill level 1 in Hexes
  5564 | D:4      | Reached skill level 5 in Dodging
  5564 | D:4      | Reached XP level 7. HP: 18/33 MP: 7/14
  5625 | D:4      | You fall through a shaft for 3 floors!
  5689 | D:6      | Found a staircase to the Ecumenical Temple.
  5701 | Temple   | Entered the Ecumenical Temple
  6004 | D:6      | Found a glowing golden altar of the Shining One.
  6020 | D:6      | Reached * piety under Qazlal
  6059 | D:6      | Noticed a troll
  6090 | D:6      | Noticed Blork the orc
  6217 | D:6      | Slain by Blork the orc

Skill      XL: |  1  2  3  4  5  6 |
---------------+-------------------+-----
Conjurations   | 3 |  3.9
Spellcasting   | 3 4 |  4.7
Short Blades   | 1 2 |  2.4
Stealth        | 5 |  5.4
Fighting       | 1 |  1.2
Staves         | 1 |  1.2
Dodging        | 4 5 |  5.3
Hexes          | 1 |  1.3

Action                   |  1- 3 |  4- 6 |  7- 9 || total
-------------------------+-------+-------+-------++-------
Melee: Short sword       |    56 |    21 |       ||    77
       Staff             |       |   111 |    40 ||   151
 Cast: Magic Dart        |    33 |    82 |    28 ||   143
       Searing Ray       |       |     8 |       ||     8
       Dazzling Spray    |       |    13 |     2 ||    15
  Use: Potion            |       |       |     4 ||     4
 Stab: Sleeping          |     3 |     1 |       ||     4
       Distracted        |       |     2 |       ||     2
       Invisible         |       |     2 |       ||     2
  Eat: Fruit             |       |     2 |       ||     2
       Bread ration      |       |     1 |       ||     1
Armor: Robe              |    13 |    16 |     4 ||    33
Dodge: Dodged            |    54 |   217 |    93 ||   364
Block: Other             |       |       |     1 ||     1
